Map: Orbital Shipyard

Players

capac - Winner!

  • Race: Terran Terran
  • League: Gold

ringlas

  • Race: Zerg Zerg
  • League: Diamond

VOD

Have the link to the VOD?

Description

Time

  • Played on: March 6, 2016, 8:07 a.m.
  • Length: 17:58
Show
View Real Time Build Order
Export as new Build Order

capac Terran - Winner!

Build Orders: MMM Bio 

Get SALT Encoding   

  12  0:00  SCV  
  13  0:12  SCV  
  14  0:18  Supply Depot  
  14  0:24  SCV  
  15  0:39  SCV  
  15  0:40  Barracks  
  16  0:45  Refinery  
  16  0:51  SCV  
  17  1:03  SCV  
  18  1:16  SCV  
  19  1:28  SCV  
  19  1:29  Barracks Reactor  
  20  1:39  Command Center  
  20  1:40  SCV  
  21  1:57  Orbital Command  
  21  2:05  Marine x2  
  23  2:11  Supply Depot  
  23  2:32  Marine x2  
  23  2:35  Barracks  
  25  2:37  Factory  
  25  2:39  SCV  
  26  2:44  Refinery  
  26  2:51  Marine x2  
  28  3:02  SCV  
  28  3:04  Orbital Command  
  29  3:12  Marine x2  
  30  3:16  SCV  
  31  3:24  Factory Reactor  
  31  3:26  Barracks Tech Lab, Starport  
  31  3:33  SCV x2  
  33  3:37  Marine  
  33  3:38  Marine  
  35  3:48  Stimpack  
  35  3:50  Marine  
  35  3:53  SCV x2  
  35  3:54  Marine  
  39  3:56  Marine  
  40  4:09  Supply Depot  
  40  4:10  Medivac x2  
  40  4:11  Marine  
  40  4:12  Marine  
  40  4:15  Factory Tech Lab  
  46  4:30  Marine  
  47  4:33  Marine x2  
  47  4:38  Refinery, SCV x2  
  51  4:49  Marine  
  52  4:53  Medivac  
  54  5:00  Refinery  
  54  5:08  Supply Depot  
  54  5:14  Supply Depot, Liberator  
  54  5:18  Liberator  
  54  5:19  Barracks  
  54  5:20  Barracks  
  54  5:30  Marine x3, SCV x2  
  54  5:34  Supply Depot  
  65  5:42  SCV x2  
  67  5:47  Marine  
  65  6:07  Marine  
  65  6:08  Marine x2  
  65  6:10  Siege Tank, Barracks Reactor x2  
  71  6:14  Starport  
  71  6:15  Liberator  
  70  6:25  Marine  
  70  6:29  Marine x2  
  68  6:43  Marine  
  68  6:44  Supply Depot  
  68  6:47  Marine, SCV x2  
  71  6:48  Marine  
  71  6:54  Marine x2  
  74  6:59  SCV  
  74  7:01  Liberator  
  76  7:14  SCV x2  
  78  7:16  Starport Reactor  
  78  7:19  Marine x4  
  78  7:20  Marine  
  86  7:23  Combat Shields  
  86  8:07  Command Center  
  86  8:13  Liberator x2  
  86  8:31  Marine, Siege Tank, SCV x2, Medivac x2  
  102  8:36  Supply Depot x2  
  102  8:52  Marine x6  
  102  8:54  Marine  
  109  8:56  Liberator  
  109  8:59  Supply Depot  
  109  9:01  Liberator  
  109  9:05  Medivac x2  
  113  9:10  Marine x5  
  113  9:11  Siege Tank  
  113  9:12  SCV x2  
  126  9:23  Supply Depot  
  129  9:26  Supply Depot  
  129  9:34  Marine x2  
  129  9:35  Marine x5  
  136  9:52  Marine x3  
  137  9:53  Marine x3  
  137  9:54  Medivac x2  
  137  9:56  Siege Tank  
  149  10:11  SCV x3  
  152  10:16  Supply Depot x2, Marine x5  
  126  11:10  Marine x2  
  126  11:11  Marine x5  
  119  11:25  Liberator x4  
  119  11:28  Marine x4  
  119  11:29  Marine x3  
  126  11:46  Supply Depot, Marine x4  
  142  11:47  Barracks  
  142  11:48  Supply Depot  
  142  11:49  Barracks, Orbital Command  
  142  11:50  Barracks, SCV  
  142  11:51  SCV  
  144  12:02  Command Center  
  144  12:03  SCV  
  145  12:11  Liberator x2  
  145  12:18  Siege Tank  
  145  12:19  Marine  
  145  12:20  Marine x6  
  161  12:37  Refinery  
  161  12:42  Refinery  
  154  12:57  Siege Tank  
  156  13:19  Factory, Barracks Reactor x3  
  156  13:29  Siege Tank  
  156  13:30  Factory  
  156  13:39  Command Center  
  155  14:02  Marine x5  
  150  14:03  Marine  
  153  14:13  Marine  
  154  14:20  Marine x6  
  156  14:31  Marine  
  134  14:37  Marine  
  134  14:38  Marine x5  
  132  14:49  Marine  
  133  14:55  Marine  
  131  15:03  Marine x4, Siege Tank  
  131  15:04  Marine  
  131  15:07  Marine  
  139  15:13  Marine  
  141  15:21  Marine x4  
  141  15:26  Marine  
  141  15:27  Marine  
  147  15:31  Marine x4  
  147  15:32  Marine x2  
  147  15:35  Siege Tank  
  151  15:39  Marine x4  
  139  16:15  Marine x2  
  139  16:16  Marine x7  
  139  16:17  Marine x4  
  141  16:28  Siege Tank  
  143  16:33  Marine x4  
  143  16:34  Marine x7  
  143  16:35  Marine x2  
  152  16:40  Liberator x2  
  152  16:41  Liberator  
  151  16:51  Marine x5  
  151  16:52  Marine x6  
  162  17:01  Siege Tank  
  172  17:27  Marine x2  
  172  17:28  Marine x7  
  172  17:29  Marine x2  
Show
View Real Time Build Order
Export as new Build Order

ringlas Zerg 

Build Orders: Hatch First 

Get SALT Encoding   

  12  0:01  Drone  
  13  0:12  Overlord  
  13  0:17  Drone  
  14  0:30  Drone x2  
  16  0:40  Drone  
  17  0:56  Hatchery, Drone  
  17  1:03  Extractor  
  16  1:09  Drone  
  17  1:17  Spawning Pool  
  16  1:18  Drone  
  16  1:22  Drone  
  18  1:29  Drone  
  19  1:41  Drone  
  20  1:58  Drone  
  21  2:06  Metabolic Boost  
  21  2:08  Queen  
  21  2:09  Queen  
  21  2:10  Zergling x2  
  21  2:13  Zergling x2  
  21  2:15  Overlord  
  27  2:23  Drone  
  28  2:42  Drone x3  
  28  2:43  Drone  
  32  2:46  Roach Warren  
  31  2:56  Queen  
  31  2:57  Spine Crawler  
  32  3:04  Drone x4  
  36  3:08  Overlord  
  36  3:31  Drone x3  
  39  3:37  Hatchery  
  38  3:47  Overlord  
  38  3:49  Roach x2  
  38  3:51  Roach  
  44  4:02  Spore Crawler  
  43  4:04  Spore Crawler  
  42  4:19  Evolution Chamber  
  42  4:21  Evolution Chamber, Drone x2  
  42  4:22  Drone x3  
  45  4:25  Drone x5  
  50  4:39  Roach  
  52  4:52  Queen  
  54  4:58  Overlord  
  54  5:01  Roach x2  
  58  5:15  Lair  
  58  5:21  Spine Crawler  
  58  5:23  Spine Crawler  
  58  5:28  Drone x6  
  60  5:29  Drone x4  
  60  5:30  Drone  
  60  5:34  Overlord x2  
  60  5:35  Overlord  
  65  5:45  Zergling x2  
  65  5:46  Zergling x2  
  63  5:55  Zergling x2  
  63  5:56  Zergling x8, Roach  
  63  5:57  Zergling x2  
  65  6:01  Roach x3  
  65  6:02  Roach  
  73  6:11  Extractor  
  73  6:12  Extractor  
  73  6:13  Roach x4  
  73  6:17  Extractor  
  78  6:22  Overlord x2  
  76  6:57  Hatchery  
  76  7:00  Baneling Nest  
  74  7:03  Spine Crawler  
  74  7:06  Spine Crawler  
  74  7:07  Drone x4  
  76  7:09  Roach x3  
  82  7:26  Spine Crawler  
  82  7:28  Spore Crawler  
  80  7:32  Spore Crawler  
  80  7:36  Ravager x3  
  80  7:37  Ravager  
  83  7:38  Overlord  
  83  7:39  Overlord  
  83  7:46  Ravager  
  83  7:51  Overlord x4, Spore Crawler  
  83  8:15  Queen  
  83  8:16  Drone  
  83  8:17  Drone x6  
  83  8:18  Drone  
  93  8:20  Spore Crawler x2  
  91  8:32  Infestation Pit, Drone x3  
  91  8:33  Drone  
  94  8:38  Queen  
  94  8:39  Overlord x2  
  96  8:46  Baneling x3  
  96  8:47  Baneling x4  
  96  8:54  Glial Reconstitution  
  96  8:57  Hatchery  
  96  8:59  Overseer  
  95  9:03  Pneumatized Carapace  
  95  9:06  Drone x7  
  95  9:07  Drone x2  
  104  9:13  Queen  
  104  9:16  Spine Crawler x2  
  104  9:18  Drone x2  
  106  9:43  Extractor  
  106  9:45  Extractor, Zerg Melee Weapons Level 1  
  104  9:46  Zerg Ground Armor Level 1  
  104  9:48  Roach x7  
  104  9:49  Roach x2  
  122  10:23  Roach x2  
  122  10:24  Roach x6  
  122  10:25  Ravager x5  
  143  10:29  Hive  
  141  10:45  Zergling x2, Roach x4  
  141  10:46  Zergling x2  
  86  11:19  Zergling x8, Roach x4  
  86  11:20  Zergling x2  
  99  11:29  Zergling x8  
  103  11:40  Drone x4  
  103  11:41  Drone x2  
  103  11:43  Zergling x2  
  103  11:45  Ravager x3  
  103  11:46  Ravager x2  
  115  12:05  Zergling x10  
  115  12:06  Zergling x14  
  115  12:07  Zergling x4  
  129  12:11  Baneling x7  
  129  12:12  Baneling  
  129  12:13  Zerg Melee Weapons Level 2  
  129  12:14  Zerg Ground Armor Level 2  
  129  12:23  Ultralisk Cavern, Drone  
  129  12:24  Drone  
  129  12:25  Drone x6  
  126  12:55  Zergling x6  
  126  12:56  Zergling x2, Roach x5  
  126  12:57  Roach x3  
  138  12:58  Baneling x3  
  138  12:59  Baneling x2  
  139  13:12  Drone  
  139  13:13  Drone x6  
  139  13:14  Drone x3  
  139  13:15  Overlord x2  
  135  13:36  Roach x2  
  135  13:37  Zergling x10, Roach x2  
  143  13:43  Ravager x2  
  143  13:44  Ravager  
  143  13:45  Zergling x10  
  143  13:46  Zergling x4, Roach  
  142  14:07  Ravager x3  
  142  14:08  Ravager x2  
  144  14:11  Baneling x3  
  144  14:12  Baneling  
  123  14:35  Zergling x4, Roach x6  
  123  14:36  Zergling x6, Roach  
  130  14:53  Roach  
  130  14:54  Roach x3  
  136  15:04  Ravager x3  
  136  15:06  Roach x2  
  136  15:07  Roach x3  
  127  15:34  Ravager x3  
  124  15:37  Zergling x2  
  124  15:38  Zergling x12  
  124  15:39  Zergling x4  
  108  15:51  Zergling x4  
  108  15:52  Zergling x6, Roach  
  109  16:01  Ravager x3  
  93  16:25  Zergling x4  
  92  16:26  Zergling x6, Roach x5  
  91  16:47  Baneling x3  
  91  16:48  Ravager  
  91  16:50  Ravager x3  
  93  16:57  Roach x6  
  93  16:58  Roach x5  
  101  17:15  Roach  
  101  17:16  Ultralisk x3  
  101  17:17  Ultralisk  
  110  17:27  Roach  
Tags
 
Add a new tag
Caveats
  • Supply blocks, unpowered buildings, or Contaminate may cause inaccurate times.
  • Supply counts are checked every 10 seconds.